 Dungeon Crawl Stone Soup version 0.18-a0-1507-g69458e0 (webtiles) character file.

83 bjoernd53 the Cudgeler (level 4, -9/39 HPs)
             Began as a Minotaur Berserker on Mar 5, 2016.
             Was a Believer of Trog.
             Killed by nerve-wracking pain
             ... invoked by Grinder
              (12 damage)
             ... on level 3 of the Dungeon.
             The game lasted 00:06:39 (1703 turns).

bjoernd53 the Cudgeler (Minotaur Berserker)         Turns: 1703, Time: 00:06:39

Health: -9/39      AC:  9    Str: 23    XL:     4   Next: 22%
Magic:  3/3        EV:  8    Int:  4    God:    Trog [**....]
Gold:   204        SH:  0    Dex:  9    Spells: 0 memorised, 3 levels left

rFire  . . .     SeeInvis .     a - +0 mace
rCold  . . .     Gourm    .     p - +1 chain mail
rNeg   . . .     Faith    .     (no shield)
rPois  .         Spirit   .     (helmet restricted)
rElec  .         Dismiss  .     (no cloak)
rCorr  .         Reflect  .     (no gloves)
SustAt .         Harm     .     (no boots)
MR     .....                    (no amulet)
Stlth  ..........               (no ring)
                                (no ring)

@: not resistant to hostile enchantments, extremely unstealthy
A: retaliatory headbutt, horns 2
a: Berserk, Trog's Hand, Burn Spellbooks, Renounce Religion


You were on level 3 of the Dungeon.
You worshipped Trog.
Trog was pleased with you.
You were hungry.

You visited 1 branch of the dungeon, and saw 3 of its levels.

You collected 204 gold pieces.

Inventory:

Hand Weapons
 a - a +0 mace (weapon)
 b - a +0 hunting sling
Missiles
 h - 88 stones (quivered)
 i - 6 arrows
Armour
 p - a +1 chain mail (worn)
Jewellery
 j - an uncursed ring of protection from fire {unknown}
Scrolls
 f - a scroll of magic mapping {unknown}
Potions
 d - a potion of invisibility
 e - a potion of cancellation
 m - a potion of flight
Comestibles
 c - 5 bread rations
 g - a beef jerky


   Skills:
 - Level 3.6 Fighting
 + Level 6.1 Maces & Flails
 - Level 2.4 Armour
 - Level 2.1 Dodging


You had 3 spell levels left.
You didn't know any spells.

Dungeon Overview and Level Annotations

Branches:
Dungeon (3/15)

Altars:
Dithmenos
Elyvilon
Fedhas
Okawaru
Pakellas
Yredelemnul

Annotations:
D:3 Grinder


Innate Abilities, Weirdness & Mutations

You reflexively headbutt those who attack you in melee.
You have a pair of horns on your head.


Message History

You hit Grinder but do no damage.
Grinder is heavily wounded.
The jackal closely misses you.
Grinder gestures.
Grinder blinks!
The jackal bites you but does no damage.
The jackal misses you. Grinder hits you but does no damage.
You closely miss Grinder.
Grinder is moderately wounded.
The jackal bites you.
* * * LOW HITPOINT WARNING * * *
Grinder gestures at you. You resist with significant effort.
The jackal barely misses you. You furiously retaliate!
You headbutt the jackal. You barely miss Grinder.
Grinder is moderately wounded.
Grinder gestures at you. Pain shoots through your body!
You die...

#....##.#.#
#....##.#.#
###....##.#.#
...##..##.#.#
##..........##
#####....#..# #
##...#..# .#
#......######.#
#....>....@h..# .
..(#.#.....5.###
#
##.#.#.#.###Sh.##
#.#.#.#.# ###..#
#.#.#.#..
##.######## . #.#
#.###
#>.††h...##... #.
########......
#...... ..##?..


You could see Grinder, 2 jackals and a ball python.

Vanquished Creatures
  A gnoll (D:1)
  3 adders
  An ooze (D:3)
  A worm (D:2)
  A giant gecko (D:2)
  3 bats
  A giant cockroach (D:1)
  9 hobgoblins
  2 jackals (D:3)
  A ball python (D:1)
  3 giant newts (D:1)
  4 goblins
  5 kobolds
  6 rats
41 creatures vanquished.

Notes
Turn   | Place    | Note
--------------------------------------------------------------
     0 | D:1      | bjoernd53 the Minotaur Berserker began the quest for the Orb.
     0 | D:1      | Reached XP level 1. HP: 19/19 MP: 0/0
    90 | D:1      | Reached skill level 4 in Maces & Flails
   206 | D:1      | Reached XP level 2. HP: 26/26 MP: 1/1
   528 | D:1      | Reached skill level 5 in Maces & Flails
   593 | D:1      | Reached ** piety under Trog
   685 | D:1      | Reached XP level 3. HP: 31/31 MP: 2/2
   864 | D:2      | Found an iron altar of Okawaru.
  1032 | D:2      | Found a shadowy altar of Dithmenos.
  1050 | D:2      | Found a faded altar to an unknown god.
  1193 | D:2      | Found a white marble altar of Elyvilon.
  1197 | D:2      | Found a blossoming altar of Fedhas.
  1197 | D:2      | Found a basalt altar of Yredelemnul.
  1214 | D:2      | Found an oddly glowing altar of Pakellas.
  1633 | D:3      | Reached XP level 4. HP: 39/39 MP: 3/3
  1659 | D:3      | Reached skill level 6 in Maces & Flails
  1680 | D:3      | Noticed Grinder
  1703 | D:3      | Killed from afar by Grinder

Vault maps used:
D:1:      dpeg_arrival_pits
D:2:      okawaru_trees_1, nicolae_overflow_crystal_walls, minitemple,
          first_bread, ecumenical_altar_1
D:3:      uniq_grinder

Skill      XL: |  1  2  3  4 |
---------------+-------------+-----
Maces & Flails | 4 5 6 |  6.1
Fighting       | |  3.6
Armour         | |  2.4
Dodging        | |  2.1

Action                   |  1- 3 |  4- 6 || total
-------------------------+-------+-------++-------
Melee: Mace              |    79 |    16 ||    95
Invok: Burn Spellbooks   |     1 |       ||     1
  Use: Scroll            |     6 |       ||     6
  Eat: Chunk             |     2 |       ||     2
